 Dungeon Crawl Stone Soup version 0.28-a0-655-g4eb62b627b (webtiles) character file.

Game seed: 15609420533392131024

60227 mordus the Executioner (level 14, -6/127 HPs)
             Began as a Hill Orc Monk on Oct 11, 2021.
             Was the Champion of Beogh.
             Mangled by a boulder beetle (9 damage)
             ... on level 14 of the Dungeon on Oct 12, 2021.
             The game lasted 01:38:20 (22788 turns).

mordus the Executioner (Hill Orc Monk)             Turns: 22788, Time: 01:38:20

Health: -6/127     AC: 26    Str: 19    XL:     14   Next: 98%
Magic:  15/16      EV:  8    Int: 13    God:    Beogh [******]
Gold:   1994       SH: 12    Dex: 16    Spells: 11/17 levels left

rFire   . . .      SeeInvis .   m - +6 war axe "Waafefim" {holy, Dex+3}
rCold   . . .      Faith    .   w - +0 kite shield
rNeg    + . .      Spirit   .   i - +7 chain mail {rPois}
rPois   +          Reflect  .   b - +2 hat {Int+3}
rElec   .          Harm     .   (no cloak)
rCorr   .          Rampage  .   T - +2 pair of gloves
Will    +....      Clarity  +   s - +0 pair of boots
Stlth   ..........              h - amulet of regeneration
HPRegen 1.31/turn               j - ring of positive energy
MPRegen 0.15/turn               (no ring)

@: studying Poison Magic
A: walk on water, clarity, low mp 1
a: Renounce Religion, Smiting, Recall Orcish Followers, Give Item to Named
Follower, Resurrection


You were on level 14 of the Dungeon.
You worshipped Beogh.
Beogh was exalted by your worship.
You visited 3 branches of the dungeon, and saw 22 of its levels.
You also visited: Sewer.

You collected 2232 gold pieces.
You spent 238 gold pieces at shops.

Inventory:

Hand Weapons
 a - the +4 hand axe of the End of Times {freeze, Int+3 Dex+2}
   (You found it on level 3 of the Lair of Beasts)

   It freezes those it strikes, dealing additional cold damage.
   It can also slow down cold-blooded creatures.
   Int:       It affects your intelligence (+3).
   Dex:       It affects your dexterity (+2).
 m - the +6 war axe "Waafefim" (weapon) {holy, Dex+3}
   (You bought it in a shop on level 7 of the Dungeon)

   It has been blessed by the Shining One to cause great damage to the undead
   and demons.
   Dex:       It affects your dexterity (+3).
 z - a +3 war axe of flaming
Armour
 b - a +2 hat of intelligence (worn)
 i - a +7 chain mail of poison resistance (worn)
 s - a +0 pair of boots (worn)
 w - a +0 kite shield (worn)
 I - a +2 chain mail of cold resistance
 T - a +2 pair of gloves (worn)
Jewellery
 h - an amulet of regeneration (around neck)
 j - a ring of positive energy (left hand)
 o - an amulet of guardian spirit
 r - a ring of see invisible
 F - an amulet of reflection
 J - an amulet of the acrobat
 L - a +4 ring of evasion
 R - a ring of fire
Wands
 d - a wand of acid (7)
 C - a wand of iceblast (45)
 D - a wand of polymorph (6)
 G - a wand of flame (41)
 H - a wand of digging (13)
 M - a wand of charming (9)
 N - a wand of mindburst (24)
 P - a wand of paralysis (8)
Scrolls
 e - 15 scrolls of identify
 f - 9 scrolls of teleportation
 g - 4 scrolls of magic mapping
 q - 2 scrolls of blinking
 t - 3 scrolls of amnesia
 E - 2 scrolls of fog
 Q - a scroll of summoning
Potions
 c - 2 potions of mutation
 k - a potion of might {unknown}
 n - 2 potions of degeneration
 p - 4 potions of flight
 u - 5 potions of curing
 x - 2 potions of resistance
 A - a potion of brilliance
 B - 2 potions of cancellation
 K - 3 potions of lignification
 O - 3 potions of haste
 S - a potion of invisibility


   Skills:
 * Level 12.7 Fighting
 * Level 23.6 Axes
 - Level 11.0 Armour
 - Level 2.4 Dodging
 - Level 1.5 Stealth
 * Level 11.0 Shields
 + Level 2.3 Spellcasting
 + Level 3.2 Summonings
 + Level 2.6 Translocations
 - Level 5.3 Invocations
 + Level 7.5 Evocations


You had 11 spell levels left.
You knew the following spells:

 Your Spells              Type           Power      Damage    Failure   Level
a - Apportation           Tloc           16%        N/A       71%         1
b - Summon Forest         Summ/Tloc      4%         N/A       100%        5

Your spell library contained the following spells:

 Spells                   Type           Power      Damage    Failure   Level
 Beastly Appendage        Tmut           2%         N/A       96%         1
 Sandblast                Erth           2%         2d4       96%         1
 Shock                    Conj/Air       4%         1d3       96%         1
 Corpse Rot               Necr/Air       N/A        N/A       99%         2
 Passwall                 Tmut/Erth      0%         N/A       99%         2
 Poisonous Vapours        Pois/Air       2%         N/A       99%         2
 Sublimation of Blood     Necr           0%         N/A       99%         2
 Wereblood                Tmut           1%         N/A       99%         2
 Conjure Flame            Conj/Fire      1%         6-21      100%        3
 Ignite Poison            Fire/Tmut/Pois 1%         N/A       100%        3
 Inner Flame              Hex/Fire       1%         N/A       100%        3
 Mephitic Cloud           Conj/Pois/Air  1%         N/A       100%        3
 Ozocubu's Armour         Ice            1%         N/A       100%        3
 Spider Form              Tmut/Pois      0%         N/A       100%        3
 Stone Arrow              Conj/Erth      2%         3d7       100%        3
 Swiftness                Air            1%         N/A       100%        3
 Airstrike                Air            0%         N/A       100%        4
 Cause Fear               Hex            0%         N/A       100%        4
 Olgreb's Toxic Radiance  Pois           1%         N/A       100%        4
 Sticky Flame             Conj/Fire      1%         2d3       100%        4
 Alistair's Intoxication  Tmut/Pois      0%         N/A       100%        5
 Freezing Cloud           Conj/Ice/Air   0%         6-21      100%        5
 Metabolic Englaciation   Hex/Ice        0%         N/A       100%        5
 Summon Mana Viper        Hex/Summ       5%         N/A       100%        5
 Invisibility             Hex            0%         N/A       100%        6
 Simulacrum               Ice/Necr       0%         N/A       100%        6
 Summon Cactus Giant      Summ           4%         N/A       100%        6
 Dragon Form              Tmut           0%         N/A       100%        7
 Ozocubu's Refrigeration  Ice            0%         4d5       100%        7
 Summon Hydra             Summ           4%         N/A       100%        7
 Discord                  Hex            0%         N/A       100%        8
 Ignition                 Fire           0%         3d3       100%        8
 Dragon's Call            Summ           4%         N/A       100%        9


Dungeon Overview and Level Annotations

Branches:
Dungeon (14/15)            Temple (0/1) D:5            Lair (6/6) D:8
  Swamp (0/4) Lair:2       Spider (0/4) Lair:4        Slime (0/5) Lair:6
    Orc (2/2) D:9             Elf (0/3) Orc:2        Vaults (0/5) D:13
  Sewer (visited)

Altars:
Ashenzari
Cheibriados
Dithmenos
Gozag
Kikubaaqudgha
Nemelex Xobeh
Okawaru
Trog
Zin
The Shining One
Beogh

Shops:
D:7 (   D:9 (   Orc:2 *(:??

Annotations:
D:6 2 runed translucent doors, gorlok231's ghost, novice DDFE
D:9 2 transporters, dracfodder's ghost, novice GrBe
D:10 3 runed translucent doors, exclusion: obsidian statue, robertstho's ghost, journeyman DjFE
D:11 exclusions: obsidian statue and orange crystal statue
Lair:6 exclusion: 4 oklob plants


Innate Abilities, Weirdness & Mutations

You can walk on water.
You possess an exceptional clarity of mind.
Your magical capacity is low. (-10% MP)


Message History

The blast of flame hits you!!
* * * LOW HITPOINT WARNING * * *
You feel much better. The fire dragon barely misses you.
The fire dragon claws you but does no damage.
You block the fire dragon's attack.
You slash the fire dragon!
The fire dragon is heavily wounded.
You hit the fire dragon.
The fire dragon is heavily wounded.
You block the fire dragon's attack. The fire dragon claws you!
* * * LOW HITPOINT WARNING * * *
The fire dragon completely misses you. The boulder beetle barely misses you.
The boulder beetle stops rolling and uncurls.
You hit the fire dragon.
The fire dragon is heavily wounded.
You hit the boulder beetle but do no damage.
The fire dragon bites you but does no damage.
The fire dragon claws you but does no damage.
The fire dragon tramples you.
* * * LOW HITPOINT WARNING * * *
You stumble backwards!
You slash the fire dragon!
The fire dragon is heavily wounded.
The fire dragon bites you!
* * * LOW HITPOINT WARNING * * *
You block the fire dragon's attack.
The fire dragon tramples you but does no damage.
You slash the fire dragon!
The fire dragon is severely wounded.
You hit the boulder beetle but do no damage.
The boulder beetle barely misses you. The fire dragon closely misses you.
You block the fire dragon's attack. x2
You feel much better. The boulder beetle bites you!!
* * * LOW HITPOINT WARNING * * *
The fire dragon breathes flames at you. The blast of flame hits you!!
* * * LOW HITPOINT WARNING * * *
As you read the scroll of summoning, it crumbles to dust.
Wisps of shadow whirl around you... The boulder beetle bites you!
You die...

#.............P
#=...........<.
#.............?
#JJ.........:..
#.JJ........$..
#...Juc........
#...........
#@DJ<.......
#.Bu[.......
#u..........
#...........
#...........
#...).......
#..........$
############


You could see a fire dragon (catching breath, ally target), a boulder beetle, 3
friendly ugly things, 6 friendly slime creatures and a friendly centaur warrior
(summoned).

Vanquished Creatures
  4 hydras
  An ogre mage (Orc:2)
  2 boulder beetles (D:13)
  A catoblepas (Lair:6)
  2 centaur warriors (D:13)
  A death yak (Lair:2)
  4 two-headed ogres
  A swamp dragon (Lair:6)
  A bog body (Lair:2)
  A mana viper (shapeshifter) (D:13)
  An orc knight (Orc:1)
  An ugly thing (D:13)
  A manticore (D:11)
  3 cyclopes
  2 elephants
  4 black mambas
  7 cane toads
  A kobold demonologist (D:13)
  2 rime drakes (Lair:2)
  6 komodo dragons
  2 meliai (D:13)
  3 trolls
  2 polar bears
  Prince Ribbit (D:7)
  8 blink frogs
  A vampire (D:12)
  A shadow (D:11)
  3 redbacks (Lair:6)
  22 yaks
  2 basilisks
  7 wyverns
  A steam dragon (D:9)
  2 vampire mosquitoes (D:12)
  Edmund (D:4)
  4 acid dragons
  2 wargs (Orc:1)
  A swamp worm (Lair:2)
  8 water moccasins
  7 orc warriors
  A sky beast (D:8)
  2 ice beasts (D:6)
  A necrophage (D:4)
  5 ogres (Orc:2)
  2 black bears
  6 centaurs
  2 wolves (Lair:6)
  A phantom (D:6)
  2 kobold brigands
  9 bullfrogs
  2 gnoll sergeants
  3 scorpions
  11 wights
  3 electric eels
  2 howler monkeys
  2 centaur zombies
  A lava snake (Lair:3)
  A bullfrog zombie (D:6)
  2 jellies
  4 orc priests
  3 iguanas
  8 orc wizards
  4 hell rats (Lair:3)
  A hound skeleton (D:5)
  13 adders
  12 gnolls
  A howler monkey skeleton (D:6)
  2 shadow imps
  3 white imps
  4 worms
  2 dart slugs
  12 orcs
  22 ball pythons
  12 endoplasms
  12 giant cockroaches
  5 goblins
  6 hobgoblins
  2 jackals (D:3)
  11 quokkas
  2 bats
  16 frilled lizards (Sewer)
  14 kobolds
  A rat (D:3)
  2 rat zombies (D:7)
356 creatures vanquished.

Vanquished Creatures (collateral kills)
  Gastronok (Lair:3)
  Frances (D:12)
  Nessos (Lair:6)
  An ettin (D:13)
  3 hydras
  A fire dragon (Lair:6)
  A boulder beetle (D:12)
  An ogre mage (Orc:2)
  2 death yaks (Lair:3)
  10 two-headed ogres
  A catoblepas (Lair:5)
  2 tengu warriors (D:13)
  Urug (D:11)
  2 deep trolls (Orc:2)
  A deep elf pyromancer (D:13)
  An ugly thing (D:11)
  A wolf spider (Lair:6)
  2 orc sorcerers
  A cyclops (Orc:2)
  7 elephants
  A guardian serpent (Lair:6)
  3 black mambas
  2 torpor snails (Lair:5)
  8 cane toads
  3 rime drakes
  8 komodo dragons
  A freezing wraith (D:13)
  6 trolls
  A meliai (D:13)
  2 hornets (Lair:6)
  3 polar bears
  11 blink frogs
  A redback (Lair:6)
  3 wyverns (Lair:6)
  21 yaks
  8 basilisks
  A steam dragon (Lair:6)
  2 vampire mosquitoes (D:12)
  3 wargs (Orc:2)
  2 swamp worms (Lair:2)
  An acid dragon (Lair:6)
  16 water moccasins
  A swamp drake (Lair:6)
  6 orc warriors
  13 ogres
  A sky beast (D:5)
  2 wolves (Lair:6)
  3 centaurs
  6 bullfrogs
  2 gnoll sergeants
  2 howler monkeys
  2 wights (D:9)
  An electric eel (Lair:3)
  7 orc priests
  2 iguanas (Lair:6)
  A bullfrog skeleton (D:5)
  3 orc wizards
  3 hell rats (Lair:3)
  A hound skeleton (D:5)
  2 adders (Sewer)
  3 gnolls (D:12)
  2 white imps
  21 orcs
  A bat zombie (D:7)
  4 endoplasms (Sewer)
  A giant cockroach (Sewer)
  2 quokkas (Sewer)
  A rat zombie (D:7)
  A fungus (Lair:5)
242 creatures vanquished.

Vanquished Creatures (others)
  An orc knight (D:13)
  13 orc warriors
  8 orc priests
  7 orc wizards
  An adder (D:2)
  45 orcs
  A kobold (D:2)
  60 fungi
  133 plants
269 creatures vanquished.

Grand Total: 867 creatures vanquished

Notes
Turn   | Place    | Note
-------+----------+-------------------------------------------
     0 | D:1      | mordus the Hill Orc Monk began the quest for the Orb.
     0 | D:1      | Reached XP level 1. HP: 19/19 MP: 1/1
    53 | D:1      | Found a faded altar of an unknown god.
   155 | D:1      | Reached XP level 2. HP: 22/26 MP: 2/2
   433 | D:1      | Reached skill level 1 in Armour
  1030 | D:2      | Reached skill level 5 in Axes
  1142 | D:2      | Reached XP level 3. HP: 31/31 MP: 3/3
  1589 | D:2      | Became a worshipper of Beogh the Brigand
  1589 | D:2      | Reached * piety under Beogh
  1589 | D:2      | Reached ** piety under Beogh
  1849 | D:3      | Reached XP level 4. HP: 36/39 MP: 4/4
  1882 | D:3      | Reached skill level 11 in Axes
  1882 | D:3      | Reached XP level 5. HP: 53/53 MP: 5/5
  2146 | D:3      | Reached skill level 12 in Axes
  2204 | D:3      | Found a glowing silver altar of Zin.
  2491 | D:4      | Noticed Edmund
  2513 | D:4      | Killed Edmund
  2514 | D:4      | Reached XP level 6. HP: 44/61 MP: 6/6
  2627 | D:4      | Noticed a necrophage
  2641 | D:4      | Killed a necrophage
  2642 | D:4      | Reached XP level 7. HP: 67/67 MP: 7/7
  3019 | D:5      | Entered Level 5 of the Dungeon
  3035 | D:5      | Found a sparkling altar of Nemelex Xobeh.
  3056 | D:5      | Found a glowing drain.
  3074 | Sewer    | Entered a sewer
  3099 | Sewer    | Reached *** piety under Beogh
  3322 | Sewer    | Reached **** piety under Beogh
  3390 | Sewer    | Reached skill level 13 in Axes
  3791 | D:5      | You fall into a shaft and drop 2 floors!
  3845 | D:7      | Reached XP level 8. HP: 65/74 MP: 8/8
  3908 | D:7      | Noticed Prince Ribbit
  3929 | D:7      | Killed Prince Ribbit
  4045 | D:7      | Identified the +1 ring mail of Parsimonious Awe {Harm rElec
                  | Str+4}
  4348 | D:6      | Reached skill level 14 in Axes
  4348 | D:6      | Reached skill level 1 in Shields
  4402 | D:6      | Reached ***** piety under Beogh
  4403 | D:6      | Reached XP level 9. HP: 65/80 MP: 9/9
  4411 | D:6      | Found a large runed translucent door.
  4411 | D:6      | Found a large runed translucent door.
  4426 | D:6      | Noticed gorlok231's ghost (novice DDFE)
  4770 | D:5      | Found a staircase to the Ecumenical Temple.
  4968 | D:6      | Found a shadowy altar of Dithmenos.
  5289 | D:7      | Found Nuv Goq's Antique Weapon Shop.
  5293 | D:7      | Bought a pitted war axe for 238 gold pieces
  5293 | D:7      | Identified the +6 war axe "Waafefim" {holy, Dex+3} (You
                  | bought it in a shop on level 7 of the Dungeon)
  5668 | D:7      | Found an ancient bone altar of Kikubaaqudgha.
  5922 | D:8      | Found a staircase to the Lair.
  6577 | D:8      | Found a bloodstained altar of Trog.
  6674 | D:8      | Found a broken altar of Ashenzari.
  6913 | D:9      | Found Buoshe's Antique Weapon Boutique.
  6920 | D:9      | Found an iron altar of Okawaru.
  6945 | D:9      | Found a transporter.
  6945 | D:9      | Noticed a two-headed ogre
  6945 | D:9      | Noticed dracfodder's ghost (novice GrBe)
  6946 | D:9      | Identified the +11 great mace "Rajoasat" {freeze, rN++
                  | Will+ rCorr MP+9}
  6946 | D:9      | Noticed a two-headed ogre
  6947 | D:9      | Noticed a two-headed ogre
  6948 | D:9      | Found a transporter.
  6994 | D:9      | Found a staircase to the Orcish Mines.
  7150 | D:9      | Reached skill level 15 in Axes
  7338 | D:9      | Noticed a two-headed ogre
  7350 | D:9      | Killed a two-headed ogre
  7351 | D:9      | Reached XP level 10. HP: 58/88 MP: 10/10
  7378 | D:9      | Found a glowing golden altar of the Shining One.
  8644 | D:10     | Entered Level 10 of the Dungeon
  8644 | D:10     | Noticed a two-headed ogre
  8649 | D:10     | Killed a two-headed ogre
  8770 | D:10     | Reached skill level 16 in Axes
  8771 | D:10     | Reached skill level 5 in Shields
  8989 | D:10     | Noticed a two-headed ogre
  9013 | D:10     | Killed a two-headed ogre
  9271 | D:10     | Found a snail-covered altar of Cheibriados.
  9401 | D:10     | Found a runed translucent gate.
  9401 | D:10     | Found a runed translucent gate.
  9401 | D:10     | Found an opulent altar of Gozag.
  9401 | D:10     | Found a runed translucent gate.
  9401 | D:10     | Noticed an obsidian statue
  9402 | D:10     | Noticed a two-headed ogre
  9402 | D:10     | Noticed robertstho's ghost (journeyman DjFE)
  9402 | D:10     | Noticed an ogre mage
  9402 | D:10     | Noticed a deep elf pyromancer
  9521 | D:10     | Reached XP level 11. HP: 93/93 MP: 11/11
  9673 | D:11     | Noticed a cyclops
  9683 | D:11     | Killed a cyclops
  9742 | D:11     | Noticed an orange crystal statue
  9742 | D:11     | Noticed an obsidian statue
  9744 | D:11     | Noticed a sixfirhy
  9749 | D:11     | Noticed a green ugly thing
  9991 | D:11     | Noticed a manticore
  9998 | D:11     | Killed a manticore
  9999 | D:11     | Reached skill level 17 in Axes
  9999 | D:11     | Reached skill level 10 in Armour
 10097 | D:11     | Noticed a red ugly thing
 10100 | D:11     | Killed a red ugly thing
 10198 | D:11     | Noticed Urug
 10207 | D:11     | Killed Urug
 10208 | D:11     | Reached skill level 1 in Invocations
 10393 | D:11     | Reached skill level 1 in Evocations
 10688 | Lair:1   | Entered Level 1 of the Lair of Beasts
 10928 | Lair:1   | Upgraded the game from 0.28-a0-653-g7e9dba17c3 to
                  | 0.28-a0-655-g4eb62b627b
 10940 | Lair:1   | Gained Morbeogh as an ally
 10957 | Lair:1   | Reached skill level 18 in Axes
 11691 | Lair:2   | Identified the +3 leather armour of Prudence {Int+2}
 11956 | Lair:2   | Found a staircase to the Swamp.
 11958 | Lair:2   | Noticed a bog body
 11962 | Lair:2   | Killed a bog body
 11963 | Lair:2   | Reached ****** piety under Beogh
 11964 | Lair:2   | Reached XP level 12. HP: 66/103 MP: 14/14
 12142 | Lair:2   | Found a frozen archway.
 12529 | Lair:2   | Reached skill level 19 in Axes
 12927 | Lair:3   | Noticed a death yak
 12928 | Lair:3   | Noticed a death yak
 12929 | Lair:3   | Noticed a death yak
 12972 | Lair:2   | Killed a death yak
 13003 | Lair:3   | Killed a death yak
 13004 | Lair:3   | Killed a death yak
 13032 | Lair:3   | Gained Bolgrim as an ally
 13062 | Lair:3   | Identified the +4 hand axe of the End of Times {freeze,
                  | Int+3 Dex+2}
 13372 | Lair:3   | Reached skill level 5 in Invocations
 13564 | Lair:3   | Noticed Gastronok
 13578 | Lair:3   | Killed Gastronok
 13579 | Lair:3   | Reached skill level 20 in Axes
 13991 | Lair:4   | You fall into a shaft and drop 2 floors!
 13991 | Lair:6   | Entered Level 6 of the Lair of Beasts
 13993 | Lair:6   | Noticed a catoblepas
 14003 | Lair:6   | Killed a catoblepas
 14119 | Lair:6   | Gained Zartorak as an ally
 14122 | Lair:6   | Reached skill level 21 in Axes
 14123 | Lair:6   | Reached skill level 10 in Fighting
 14123 | Lair:6   | Reached XP level 13. HP: 113/113 MP: 16/16
 14126 | Lair:6   | Reached skill level 5 in Evocations
 14718 | Lair:6   | Gained Marbork as an ally
 14719 | Lair:6   | Reached skill level 22 in Axes
 15138 | Lair:6   | Noticed Nessos
 15146 | Lair:6   | Killed Nessos
 15512 | Lair:6   | Noticed a fire dragon
 15527 | Lair:6   | Gained Margrim as an ally
 15612 | Lair:6   | Killed a fire dragon
 16032 | Lair:6   | Found a staircase to the Slime Pits.
 16256 | Lair:5   | Learned a level 1 spell: Apportation
 16262 | Lair:5   | Learned a level 5 spell: Summon Forest
 16328 | Lair:5   | Reached XP level 14. HP: 114/124 MP: 17/17
 16333 | Lair:5   | Reached skill level 23 in Axes
 17096 | Lair:4   | Reached skill level 1 in Summonings
 17147 | Lair:4   | Found a hole to the Spider Nest.
 17331 | Lair:4   | Reached skill level 10 in Shields
 17853 | Orc:1    | Entered Level 1 of the Orcish Mines
 17884 | Orc:1    | Found a roughly hewn altar of Beogh.
 17926 | Orc:1    | Reached skill level 1 in Translocations
 17969 | Orc:1    | Paralysed by an orc sorcerer for 6 turns
 18125 | Orc:1    | Reached skill level 1 in Spellcasting
 18131 | Orc:1    | Found a roughly hewn altar of Beogh.
 18603 | Orc:2    | Entered Level 2 of the Orcish Mines
 19050 | Orc:2    | Noticed an orc warlord
 19061 | Orc:2    | Noticed Saint Roka
 19420 | Orc:2    | Found a staircase to the Elven Halls.
 19439 | Orc:2    | Found Acvy's General Store.
 19519 | Orc:2    | Found Hejuyteliw's Magic Scroll Shoppe.
 19523 | Orc:2    | Found Hoivvatu's Book Shoppe.
 19563 | Orc:2    | Found Luxzymoy's Weapon Boutique.
 19742 | Orc:2    | Found Fyta Syr's Magic Scroll Emporium.
 21271 | D:13     | Noticed Frances
 21770 | D:12     | Gained mutation: Your magical capacity is low. (-10% MP) [a
                  | neqoxec]
 21778 | D:12     | Gained mutation: You tend to lose your temper in combat. [a
                  | neqoxec]
 21778 | D:12     | Killed Frances
 21967 | D:13     | Gained Ugrim as an ally
 22186 | D:13     | Gained Arbolt as an ally
 22197 | D:13     | Lost mutation: You tend to lose your temper in combat.
                  | [potion of mutation]
 22197 | D:13     | Gained mutation: You possess an exceptional clarity of
                  | mind. [potion of mutation]
 22325 | D:13     | Found a gate to the Vaults.
 22780 | D:14     | HP: 5/127 [fire dragon/blast of flame (34)]
 22787 | D:14     | HP: 1/127 [fire dragon/blast of flame (24)]
 22788 | D:14     | Mangled by a boulder beetle

Illustrated notes

Levels and vault maps discovered:
D:1:      dpeg_arrival_round_b, layout_basic,
          hellmonk_ecumenical_altar_arch_garden, minmay_shallow_snake_nest
D:2:      cheibrodos_pilgrimage, layout_basic, moated_statue
D:3:      layout_basic, overflow_temple_1_default
D:4:      layout_basic, uniq_edmund
D:5:      minmay_chambers_of_threes, layout_gridville,
          nemelex_xobeh_ov_fountains_minmay, minmay_temple_entry_fiery,
          cheibrodos_sewer_entry_sluice
D:6:      layout_cave_pools, grunt_dithmenos_shadows,
          ebering_ghost_disaster_area, kennysheep_nondescript
D:7:      layout_loops_ring, lemuel_zombie_altar_kikubaaqudgha, serial_shops,
          nicolae_shop_stone, minmay_manual_mail, uniq_prince_ribbit1
D:8:      layout_layer_cave, mainiacjoe_overflow_swirl, lair_entry_dummy
D:9:      layout_cave_pods, nicolae_tso_carved_into_rock, okawaru_gym_becter,
          david_orc_3, gammafunk_ghost_smash, serial_shops, shop
D:10:     layout_roguey, lemuel_crystal_altar, ebering_ghost_gozag,
          nicolae_water_bricks, statue_in_the_mist_lemuel,
          kennysheep_generic_room_10
D:11:     layout_irregular_city, david_greed, uniq_urug
D:12:     layout_basic
D:13:     layout_cave_pools, david_vaults_4, uniq_frances
D:14:     layout_basic, serial_bayou_pond_d, uniq_kirke
Lair:1:   layout_cave_pods, lemuel_fruit_tree
Lair:2:   layout_cave_pods, nicolae_swamp_entry_splash_gauntlet,
          portal_ice_cave_rime, serial_bayou_shore_b
Lair:3:   layout_gridlike, guppyfry_lair_drakes, uniq_gastronok
Lair:4:   layout_misc_corridors, spider_nest_entry_webs,
          kennysheep_basilisk_garden, serial_bayou_shore_a
Lair:5:   layout_regular_city, serial_forest, infiniplex_forest_lined_room_2,
          infiniplex_forest_end_3, infiniplex_forest_straight_1,
          infiniplex_forest_zigzag_2, infiniplex_forest_lined_room_,
          infiniplex_forest_pool, infiniplex_forest_lined_room_,
          infiniplex_staircase_pool
Lair:6:   hangedman_lair_tendril_chambers, layout_layer_cave,
          guppyfry_lair_end_dragon, minmay_slime_entry_oklob_enclosed,
          uniq_nessos
Orc:1:    nicolae_orc_accident_2, layout_caves, basic_altar
Orc:2:    st_orc_open, layout_diamond_mine, serial_shops, nicolae_square_shop,
          uniq_saint_roka

Skill      XL: |  1  2  3  4  5  6  7  8  9 10 11 12 13 14 |
---------------+-------------------------------------------+-----
Armour         | 1 2 6 7 8 9 10 11 | 11.0
Axes           | 5 11 12 13 14 15 16 18 21 22 23 | 23.6
Fighting       | 7 8 10 11 12 | 12.7
Shields        | 1 3 5 6 8 9 11 | 11.0
Invocations    | 3 5 |  5.3
Evocations     | 2 4 6 7 |  7.5
Summonings     | 3 |  3.2
Translocations | 2 |  2.6
Spellcasting   | 2 |  2.3
Dodging        | |  2.4
Stealth        | |  1.5

Action                   |  1- 3 |  4- 6 |  7- 9 | 10-12 | 13-15 || total
-------------------------+-------+-------+-------+-------+-------++-------
Melee: Hand axe          |   141 |   115 |   355 |       |       ||   611
       War axe           |       |       |   109 |   382 |   529 ||  1020
Invok: Convert to Beogh  |     1 |       |       |       |       ||     1
       Recall Orcish Fol |       |       |     3 |    12 |    29 ||    44
       Give Item to Name |       |       |       |     2 |       ||     2
  Use: Scroll            |       |     6 |     6 |     4 |    11 ||    27
       Potion            |       |     6 |       |     3 |     8 ||    17
 Stab: Sleeping          |     1 |       |       |       |       ||     1
       Distracted        |       |       |     1 |     3 |     4 ||     8
Armor: Scale mail        |    44 |    24 |       |       |       ||    68
       Robe              |     3 |       |       |       |       ||     3
       Chain mail        |       |     6 |   196 |   161 |   267 ||   630
Dodge: Dodged            |    53 |    40 |   147 |   108 |   145 ||   493
Block: Kite shield       |       |       |    16 |       |   252 ||   268
       Buckler           |       |       |    25 |   104 |    27 ||   156

Table legend: (Time is in decaauts)
 A = Elapsed time spent in this place.
 B = Non-inter-level travel time spent in this place.
 C = Inter-level travel time spent in this place.
 D = Time resting spent in this place.
 E = Time spent auto-exploring this place.
 F = Levels seen in this place.
 G = Mean time per level.
                   A        B        C        D        E       F      G
               +--------+--------+--------+--------+--------+-----+--------+
         Total |  22609 |  22118 |    491 |   4945 |  11044 |  23 |  983.0 |
       Dungeon |  12732 |  12387 |    345 |   2688 |   6652 |  14 |  909.4 |
          Lair |   7016 |   6924 |     92 |   1426 |   3553 |   6 | 1169.3 |
  Orcish Mines |   2251 |   2199 |     52 |    831 |    573 |   2 | 1125.5 |
         Sewer |    609 |    609 |      0 |      0 |    266 |   1 |  609.0 |
               +--------+--------+--------+--------+--------+-----+--------+

Top non-repeatable levels by time:
  Lair:6: 2059 daAuts
     D:9: 1968 daAuts
   Orc:1: 1494 daAuts
    D:12: 1281 daAuts
  Lair:2: 1167 daAuts
    D:11: 1133 daAuts
    D:10: 1126 daAuts
     D:8: 1097 daAuts
     D:7: 1078 daAuts
  Lair:3: 1050 daAuts
  Lair:1: 1036 daAuts
     D:1: 1022 daAuts
  Lair:5: 958 daAuts
    D:13: 848 daAuts
     D:2: 821 daAuts
